 Dungeon Crawl Stone Soup version 0.19-a0-188-ga21aea4 (webtiles) character file.

91 Lugonue the Magician (level 4, -2/24 HPs)
             Began as a Deep Elf Conjurer on May 23, 2016.
             Slain by an adder (6 damage)
             ... on level 2 of the Dungeon.
             The game lasted 00:07:21 (1744 turns).

Lugonue the Magician (Deep Elf Conjurer)            Turns: 1744, Time: 00:07:21

Health: -2/24      AC:  2    Str:  5    XL:     4   Next: 34%
Magic:  0/13       EV: 14    Int: 21    God:
Gold:   73         SH:  0    Dex: 15    Spells: 3 memorised, 7 levels left

rFire  . . .     SeeInvis .     (no weapon)
rCold  . . .     Gourm    .     a - +0 robe
rNeg   . . .     Faith    .     (no shield)
rPois  .         Spirit   .     (no helmet)
rElec  .         Dismiss  .     (no cloak)
rCorr  .         Reflect  .     (no gloves)
SustAt .         Harm     +     (no boots)
MR     .....                    i - amulet of harm
Stlth  ++........               (no ring)
                                (no ring)

@: not resistant to hostile enchantments, unstealthy
A: no striking features
a: no special abilities


You were on level 2 of the Dungeon.
You were not hungry.

You visited 1 branch of the dungeon, and saw 3 of its levels.

You collected 73 gold pieces.

Inventory:

Armour
 a - a +0 robe (worn)
 h - a +0 buckler
Jewellery
 i - an amulet of harm (around neck)
 l - a cursed amulet of inaccuracy {unknown}
Scrolls
 k - a scroll of fog {unknown}
 m - a scroll of remove curse
Potions
 g - a potion of curing {unknown}
 j - a potion of agility {unknown}
Books
 b - a book of Conjurations

   Spells                             Type                      Level
   a - Magic Dart                     Conjuration                  1
   b - Searing Ray                    Conjuration                  2
   c - Dazzling Spray                 Conjuration/Hexes            3
   d - Fulminant Prism                Conjuration/Hexes            4
   e - Iskenderun's Mystic Blast      Conjuration                  4
   f - Iskenderun's Battlesphere      Conjuration/Charms           5
Comestibles
 c - a bread ration
 d - a beef jerky


   Skills:
 + Level 3.9 Dodging
 - Level 2.4 Stealth
 + Level 5.3 Spellcasting
 - Level 4.3 Conjurations


You had 7 spell levels left.
You knew the following spells:

 Your Spells              Type           Power        Failure   Level  Hunger
a - Magic Dart            Conj           ###.         1%          1    None
b - Searing Ray           Conj           ###...       2%          2    None
c - Dazzling Spray        Conj/Hex       ##....       14%         3    ##.....


Dungeon Overview and Level Annotations

Branches:
Dungeon (3/15)

Altars:
Nemelex Xobeh


Message History

Casting: Dazzling Spray
Confirm with . or Enter, or press ? or * to list all spells.
Aiming: Magic Dart
Press: ? - help, Shift-Dir - straight line, f/p - orc
Aim: an orc, wielding a mace and wearing a leather armour (severely wounded)
The magic dart hits the adder.
The adder is severely wounded.
The adder misses you. The adder misses you.
Casting: Magic Dart
Confirm with . or Enter, or press ? or * to list all spells.
Aiming: Magic Dart
Press: ? - help, Shift-Dir - straight line, f/p - orc
Aim: an orc, wielding a mace and wearing a leather armour (severely wounded)
The magic dart hits the orc.
You kill the orc!
The adder bites you.
* * * LOW HITPOINT WARNING * * *
The adder bites you.
You die...

###...#...#...###....# #
####...####.####......#######
#.....##..#'#..##.#..........
#.....#._.'.).).#.........(..
#.....##.##.##.##.#..........
#.>....###.#.###.............
#....#..)..#.....##..........
#....##.#.###.##.##..........
#....##....S@.##.#####.......
################.##..........
#.....##..........
#.....##..........
#.....##..........
#.....##.......... #######
#......#.....##..# ......#
#......#.....###.# #####.#
##......#.....# #.#


You could see an adder.

Vanquished Creatures
  3 adders (D:2)
  An ooze (D:2)
  A dart slug (D:1)
  2 giant geckos
  2 orcs (D:2)
  3 giant cockroaches
  4 goblins
  7 hobgoblins
  6 jackals
  8 kobolds
  A quokka (D:2)
  A ball python (D:1)
  5 bats
  3 giant newts (D:1)
  5 rats
52 creatures vanquished.

Notes
Turn   | Place    | Note
--------------------------------------------------------------
     0 | D:1      | Lugonue the Deep Elf Conjurer began the quest for the Orb.
     0 | D:1      | Reached XP level 1. HP: 10/10 MP: 6/6
   306 | D:1      | Reached XP level 2. HP: 15/15 MP: 4/8
   310 | D:1      | Learned a level 2 spell: Searing Ray
   533 | D:1      | Reached skill level 4 in Spellcasting
   673 | D:1      | Reached XP level 3. HP: 19/19 MP: 2/10
  1149 | D:2      | Reached XP level 4. HP: 24/24 MP: 7/12
  1154 | D:2      | Learned a level 3 spell: Dazzling Spray
  1297 | D:2      | Reached skill level 5 in Spellcasting
  1701 | D:2      | Found a sparkling altar of Nemelex Xobeh.
  1744 | D:2      | Slain by an adder

Vault maps used:
D:1:      mrwooster_arrival_statue
D:2:      nemelex_dance_club_becter
D:3:      uniq_terence

Skill      XL: |  1  2  3  4 |
---------------+-------------+-----
Dodging        | 3 |  3.9
Spellcasting   | 4 5 |  5.3
Stealth        | |  2.4
Conjurations   | |  4.3

Action                   |  1- 3 |  4- 6 || total
-------------------------+-------+-------++-------
Melee: Unarmed           |     4 |       ||     4
       Dagger            |     4 |       ||     4
 Cast: Magic Dart        |    62 |    25 ||    87
       Searing Ray       |     3 |     1 ||     4
       Dazzling Spray    |       |     3 ||     3
  Use: Scroll            |     4 |     1 ||     5
 Stab: Sleeping          |     1 |       ||     1
  Eat: Chunk             |     1 |       ||     1
       Meat ration       |       |     1 ||     1
Armor: Robe              |     3 |     1 ||     4
Dodge: Dodged            |    21 |    10 ||    31
